Wolves vs Thunder
Created - 19 janvier 2015 at 19:03
Goals
|
| Wolves |
2 |
3 |
1 |
6 |
| Thunder |
0 |
3 |
1 |
4 |
|
Shots
|
| Wolves |
10 |
19 |
9 |
38 |
| Thunder |
7 |
18 |
6 |
31 |
|
1st period
1. Wolves , Dan Fritsche 19 (Geoff Paukovich, Marc-André Gragnani) at 7:05
2. Wolves , Kevin Veilleux 4 (Carl Klingberg, Dan Fritsche) at 9:50
Penalties :
Tom Pyatt (TRO) for Hooking (Minor) at 7:10, Matt D'Agostini (TRO) for Diving (Minor) at 11:03, Bruno Gervais (Min) for High sticking (Minor) at 17:36
2nd period
3. Wolves , Milan Bartovic 20 (Mike Zigomanis, Bruno Gervais) at 1:56
4. Thunder , Dany Roussin 19 (Matt D'Agostini, Derek Peltier) at 7:30
5. Thunder , Brandon Mashinter 8 (Robin Leblanc) at 8:51
6. Wolves , Nathan Davis 22 (Chris Terry, Jonathan Rheault) at 10:26
7. Wolves , Mike Sislo 11 (Milan Bartovic, Mike Zigomanis) at 15:48
8. Thunder , Derek Peltier 2 (Ray Macias, Brandon Mashinter) at 16:41
Penalties :
Derek Peltier (TRO) for Cross-checking (Minor) at 10:35
3rd period
9. Wolves , Dan Fritsche 20 (Geoff Paukovich) at 2:01
10. Thunder , Matt D'Agostini 27 (Tom Pyatt, Dany Roussin) at 5:18
Penalties :
Geoff Paukovich (Min) for Holding Stick (Minor) at 13:59
Goalie Stats
Jamie Storr (Min), 27 saves from 31 shots - (0,871), W, 18-16-4, 60:00 minutes
Devan Dubnyk (TRO), 32 saves from 38 shots - (0,842), L, 3-8-0, 60:00 minutes
Players Stats for Wolves
Player Name G A P +/- PIM S H SB GA TA FO MP PP MP PK MP
------------------------------------------------------------------------------------
Bruno Gervais 0 1 1 -1 2 0 0 1 0 0 0/0 24:17 3:18 0:00
Carl Klingberg 0 1 1 1 0 0 0 1 0 0 0/0 9:19 0:08 1:22
Chris Terry 0 1 1 -1 0 2 3 0 0 0 0/0 11:17 0:00 0:00
Dan Fritsche 2 1 3 2 0 4 0 0 0 0 4/9 18:01 2:43 1:35
Dmitry Kulikov 0 0 0 -1 0 2 3 2 0 1 0/0 24:46 3:18 0:00
Geoff Paukovich 0 2 2 2 2 2 3 0 0 0 1/2 16:37 2:43 0:00
Johan Ryno 0 0 0 1 0 0 0 0 0 0 0/0 8:19 0:09 0:00
Jonas Junland 0 0 0 1 0 2 1 0 0 1 0/0 14:58 0:00 2:13
Jonathan Rheault 0 1 1 -1 0 1 1 0 0 0 0/1 11:17 0:00 0:00
Kevin Veilleux 1 0 1 1 0 2 1 0 0 0 1/2 7:05 0:00 0:00
Marc Methot 0 0 0 2 0 1 1 1 0 1 0/0 21:24 2:39 2:13
Marc-André Gragnani 0 1 1 1 0 1 0 1 0 0 0/0 14:18 0:00 1:45
Matt Gilroy 0 0 0 2 0 2 2 3 0 1 0/0 20:16 2:39 1:45
Mike Sislo 1 0 1 0 0 3 1 1 1 0 2/2 20:11 3:06 0:00
Mike Zigomanis 0 2 2 0 0 3 2 1 1 2 13/33 21:58 3:05 1:57
Milan Bartovic 1 1 2 0 0 3 1 0 5 0 1/2 21:42 3:05 1:57
Nathan Davis 1 0 1 -1 0 7 1 0 0 1 0/3 13:30 0:09 1:05
Tim Crowder 0 0 0 2 0 3 0 1 0 1 0/0 16:45 2:43 0:00
Players Stats for Thunder
Player Name G A P +/- PIM S H SB GA TA FO MP PP MP PK MP
------------------------------------------------------------------------------------
Brandon Mashinter 1 1 2 1 0 2 1 1 1 1 1/1 13:56 0:00 1:38
Brett Festerling 0 0 0 -1 0 0 1 0 0 0 0/0 6:39 0:00 0:28
Casey Pierro-Zabotel 0 0 0 1 0 1 2 0 0 0 0/1 12:09 0:00 0:18
Colby Cohen 0 0 0 0 0 0 0 0 0 0 0/0 0:00 0:00 0:00
Dany Roussin 1 1 2 0 0 3 1 0 2 0 1/1 20:08 1:45 2:38
Daultan Leveillé 0 0 0 -2 0 0 0 0 0 0 1/2 6:26 0:00 0:00
David Fischer 0 0 0 -1 0 0 0 2 0 0 0/0 6:11 0:00 0:00
Derek Peltier 1 1 2 0 2 2 1 1 0 1 0/0 18:20 2:05 1:40
Doug Janik 0 0 0 -3 0 1 1 0 1 2 0/0 25:02 1:53 3:17
Jannik Hansen 0 0 0 -2 0 1 1 0 0 0 0/2 7:45 0:08 0:00
Jeff Finger 0 0 0 -3 0 2 4 0 0 1 0/0 25:02 1:53 3:17
Jesse Blacker 0 0 0 0 0 0 0 0 0 0 0/0 0:00 0:00 0:00
Joey Ryan 0 0 0 2 0 0 0 1 0 0 0/0 9:26 0:00 0:00
Kelly Zajac 0 0 0 0 0 0 0 0 0 0 0/0 0:00 0:00 0:00
Kevin Montgomery 0 0 0 0 0 0 0 0 0 0 0/0 0:00 0:00 0:00
Mat Clark 0 0 0 0 0 0 0 0 0 0 0/0 0:00 0:00 0:00
Matt D'Agostini 1 1 2 0 2 2 0 1 1 0 0/0 17:40 1:45 0:00
Pierre-Alexandre Parente 0 0 0 -1 0 2 0 0 2 0 2/2 19:32 2:10 1:32
Ray Macias 0 1 1 0 0 2 0 1 0 0 0/0 19:21 2:05 2:40
Robin Leblanc 0 1 1 1 0 4 1 1 0 0 1/1 13:16 0:23 0:00
Samuel Pahlsson 0 0 0 -3 0 4 1 0 1 1 18/31 25:33 1:53 2:37
Scott Parse 0 0 0 -1 0 2 1 1 0 0 0/1 20:20 2:05 2:46
Slava Voynov 0 0 0 2 0 0 1 1 0 0 0/0 9:58 0:00 0:32
Taylor Doherty 0 0 0 0 0 0 0 0 0 0 0/0 0:00 0:00 0:00
Tom Pyatt 0 1 1 0 2 3 3 0 0 1 8/12 17:16 1:45 0:25
3 Stars
1 - Dan Fritsche (Min)
2 - Brandon Mashinter (TRO)
3 - Milan Bartovic (Min)
Power Play
Wolves - 0 on 3 Attempt(s) - 0,00%
Thunder - 0 on 2 Attempt(s) - 0,00%
Penalty Kill
Wolves - 2 on 2 Attempt(s) - 100,00%
- Score 0 goal in Penalty Kill
Thunder - 3 on 3 Attempt(s) - 100,00%
- Score 0 goal in Penalty Kill
Team Stat
Wolves - Hits : 20 - Faceoff Wins : 22 - Blocked Shots : 12 - Penalty Minutes : 4
Thunder - Hits : 19 - Faceoff Wins : 32 - Blocked Shots : 10 - Penalty Minutes : 6
Official
Referees : Sutherland Kelly and Meier Brad
Linesman : Michel Cormier and Darren Gibbs
Game Notes
No Game Note
Finance
Level 1 -- Attendance: 1284 (64,20%) -- Ticket Income 44 940 $
Level 2 -- Attendance: 712 (71,20%) -- Ticket Income 10 680 $
Total Attendance: 1996 (66,53%)
Total Ticket Income: 55 620 $
Other Income: 2 781 $
Total Income: 58 401 $
Wolves
5 vs 5 Forward
Center Left Wing Right Wing Time % Phy DF OF
1 Mike Zigomanis Mike Sislo Milan Bartovic 40 0 1 4
2 Dan Fritsche Geoff Paukovich Tim Crowder 30 1 1 3
3 Nathan Davis Chris Terry Jonathan Rheault 20 1 1 3
4 Kevin Veilleux Carl Klingberg Johan Ryno 10 2 1 2
5 vs 5 Defense
Defense Defense Time % Phy DF OF
1 Dmitry Kulikov Bruno Gervais 40 1 3 1
2 Matt Gilroy Marc Methot 30 1 3 1
3 Marc-André Gragnani Jonas Junland 20 1 3 1
4 Bruno Gervais Dmitry Kulikov 10 1 3 1
PowerPlay Forward
Center Left Wing Right Wing Time % Phy DF OF
1 Mike Zigomanis Mike Sislo Milan Bartovic 60 0 0 5
2 Dan Fritsche Geoff Paukovich Tim Crowder 40 0 0 5
PowerPlay Defense
Defense Defense Time % Phy DF OF
1 Dmitry Kulikov Bruno Gervais 60 1 2 2
2 Matt Gilroy Marc Methot 40 1 2 2
Penalty Kill 4 Players Forward
Center Wing Time % Phy DF OF
1 Mike Zigomanis Milan Bartovic 60 1 3 1
2 Dan Fritsche Nathan Davis 40 1 3 1
Penalty Kill 4 Players Defense
Defense Defense Time % Phy DF OF
1 Marc Methot Jonas Junland 60 2 3 0
2 Marc-André Gragnani Matt Gilroy 40 2 3 0
Penalty Kill - 3 Players Forward
Forward Time % Phy DF OF
1 Mike Zigomanis 60 1 4 0
2 Milan Bartovic 40 1 4 0
Penalty Kill - 3 Players Defense
Defense Defense Time % Phy DF OF
1 Marc-André Gragnani Matt Gilroy 60 2 3 0
2 Jonas Junland Marc Methot 40 2 3 0
4 vs 4 Forward
Center Wing Time % Phy DF OF
1 Mike Zigomanis Milan Bartovic 60 1 1 3
2 Dan Fritsche Nathan Davis 40 1 1 3
4 vs 4 Defense
Defense Defense Time % Phy DF OF
1 Dmitry Kulikov Bruno Gervais 60 1 3 1
2 Matt Gilroy Marc Methot 40 1 3 1
Last Minutes Offensive
Center Left Wing Right Wing Defense Defense
Mike Zigomanis Mike Sislo Milan Bartovic Dmitry Kulikov Bruno Gervais
Last Minutes Defensive
Center Left Wing Right Wing Defense Defense
Mike Zigomanis Mike Sislo Milan Bartovic Marc Methot Matt Gilroy
Goaltenders
Starting : Jamie Storr
Backup : Loïc Lacasse
Extra Forwards
Normal : Mike Zigomanis, Dan Fritsche, Tim Crowder - PP : Mike Zigomanis, Dan Fritsche - PK : Mike Zigomanis
Extra Defensemen
Normal : Dmitry Kulikov, Matt Gilroy, Marc Methot - PP : Dmitry Kulikov - PK : Matt Gilroy, Marc Methot
Penalty Shots
Mike Zigomanis, Milan Bartovic, Dan Fritsche, Nathan Davis, Mike Sislo
Thunder
5 vs 5 Forward
Center Left Wing Right Wing Time % Phy DF OF
1 Samuel Pahlsson Scott Parse Pierre-Alexandre Parentea40 1 2 2
2 Tom Pyatt Dany Roussin Matt D'Agostini 30 1 2 2
3 Brandon Mashinter Casey Pierro-Zabotel Robin Leblanc 20 1 2 2
4 Daultan Leveillé Samuel Pahlsson Jannik Hansen 10 1 2 2
5 vs 5 Defense
Defense Defense Time % Phy DF OF
1 Doug Janik Jeff Finger 40 1 2 2
2 Ray Macias Derek Peltier 30 1 2 2
3 Joey Ryan Slava Voynov 20 1 2 2
4 Brett Festerling David Fischer 10 1 2 2
PowerPlay Forward
Center Left Wing Right Wing Time % Phy DF OF
1 Samuel Pahlsson Scott Parse Pierre-Alexandre Parentea60 1 2 2
2 Tom Pyatt Dany Roussin Matt D'Agostini 40 1 2 2
PowerPlay Defense
Defense Defense Time % Phy DF OF
1 Doug Janik Jeff Finger 60 1 2 2
2 Ray Macias Derek Peltier 40 1 2 2
Penalty Kill 4 Players Forward
Center Wing Time % Phy DF OF
1 Samuel Pahlsson Scott Parse 60 1 2 2
2 Dany Roussin Pierre-Alexandre Parentea40 1 2 2
Penalty Kill 4 Players Defense
Defense Defense Time % Phy DF OF
1 Doug Janik Jeff Finger 60 1 2 2
2 Ray Macias Derek Peltier 40 1 2 2
Penalty Kill - 3 Players Forward
Forward Time % Phy DF OF
1 Samuel Pahlsson 60 1 2 2
2 Scott Parse 40 1 2 2
Penalty Kill - 3 Players Defense
Defense Defense Time % Phy DF OF
1 Doug Janik Jeff Finger 60 1 2 2
2 Ray Macias Derek Peltier 40 1 2 2
4 vs 4 Forward
Center Wing Time % Phy DF OF
1 Samuel Pahlsson Scott Parse 60 1 2 2
2 Dany Roussin Pierre-Alexandre Parentea40 1 2 2
4 vs 4 Defense
Defense Defense Time % Phy DF OF
1 Doug Janik Jeff Finger 60 1 2 2
2 Ray Macias Derek Peltier 40 1 2 2
Last Minutes Offensive
Center Left Wing Right Wing Defense Defense
Samuel Pahlsson Scott Parse Pierre-Alexandre ParenteaDoug Janik Jeff Finger
Last Minutes Defensive
Center Left Wing Right Wing Defense Defense
Samuel Pahlsson Scott Parse Pierre-Alexandre ParenteaDoug Janik Jeff Finger
Goaltenders
Starting : Devan Dubnyk
Backup : Mark Dekanich
Extra Forwards
Normal : Robin Leblanc, Jannik Hansen, Brandon Mashinter - PP : Robin Leblanc, Jannik Hansen - PK : Brandon Mashinter
Extra Defensemen
Normal : Joey Ryan, Slava Voynov, Brett Festerling - PP : Joey Ryan - PK : Slava Voynov, Brett Festerling
Penalty Shots
Samuel Pahlsson, Scott Parse, Dany Roussin, Pierre-Alexandre Parenteau, Matt D'Agostini
% Time on Ice - Wolves
Lines # - Real PCT - Wanted PCT - Time Play
Normal Forward
1 - 34% - 40% - 16:50
2 - 30% - 30% - 15:03
3 - 23% - 20% - 11:17
4 - 14% - 10% - 6:55
Normal Defense
1 - 41% - 40% - 20:19
2 - 31% - 30% - 15:28
3 - 25% - 20% - 12:33
4 - 3% - 10% - 1:45
PP Forward
1 - 54% - 60% - 3:14
2 - 46% - 40% - 2:43
PP Defense
1 - 55% - 60% - 3:18
2 - 45% - 40% - 2:39
PK Forward
1 - 84% - 60% - 3:19
2 - 16% - 40% - 0:39
PK Defense
1 - 56% - 60% - 2:13
2 - 44% - 40% - 1:45
PK3 Forward
1 - 0% - 60%
2 - 0% - 40%
PK3 Defense
1 - 0% - 60%
2 - 0% - 40%
44 Forward
1 - 0% - 60%
2 - 0% - 40%
44 Defense
1 - 0% - 60%
2 - 0% - 40%
Last Minute Offensive - 0:00
Last Minute Defensive - 0:00
Total
Forward - 60:00
Defense - 60:00
|
% Time on Ice - Thunder
Lines # - Real PCT - Wanted PCT - Time Play
Normal Forward
1 - 31% - 40% - 15:23
2 - 34% - 30% - 17:16
3 - 22% - 20% - 11:16
4 - 12% - 10% - 6:10
Normal Defense
1 - 40% - 40% - 19:52
2 - 29% - 30% - 14:36
3 - 19% - 20% - 9:26
4 - 12% - 10% - 6:11
PP Forward
1 - 56% - 60% - 2:13
2 - 44% - 40% - 1:45
PP Defense
1 - 47% - 60% - 1:53
2 - 53% - 40% - 2:05
PK Forward
1 - 74% - 60% - 4:25
2 - 26% - 40% - 1:32
PK Defense
1 - 55% - 60% - 3:17
2 - 45% - 40% - 2:40
PK3 Forward
1 - 0% - 60%
2 - 0% - 40%
PK3 Defense
1 - 0% - 60%
2 - 0% - 40%
44 Forward
1 - 0% - 60%
2 - 0% - 40%
44 Defense
1 - 0% - 60%
2 - 0% - 40%
Last Minute Offensive - 0:00
Last Minute Defensive - 0:00
Total
Forward - 60:00
Defense - 60:00
|
Play by Play
1st period
0:01 of 1st period - Samuel Pahlsson wins face-off versus Mike Zigomanis in neutral zone.
2:12 of 1st period - Off-side.
2:13 of 1st period - Mike Zigomanis wins face-off versus Tom Pyatt in neutral zone.
3:01 of 1st period - Wrist shot by Nathan Davis.
3:01 of 1st period - Shot Misses the Net.
3:03 of 1st period - Snap shot by Nathan Davis.
3:03 of 1st period - Deflect By Chris Terry.
3:03 of 1st period - Stopped by Devan Dubnyk without a rebound.
3:04 of 1st period - Mike Sislo wins face-off versus Samuel Pahlsson in Thunder zone.
3:13 of 1st period - Backhand shot by Mike Zigomanis.
3:13 of 1st period - Deflect By Mike Sislo.
3:13 of 1st period - Shot Blocked by Joey Ryan.
3:13 of 1st period - Puck is out of play.
3:14 of 1st period - Mike Zigomanis wins face-off versus Samuel Pahlsson in Thunder zone.
3:17 of 1st period - Snap shot by Mike Sislo.
3:17 of 1st period - Shot Misses the Net.
3:20 of 1st period - Icing by Scott Parse.
3:21 of 1st period - Kevin Veilleux wins face-off versus Samuel Pahlsson in Thunder zone.
3:54 of 1st period - Snap shot by Dany Roussin.
3:54 of 1st period - Shot Misses the Net.
3:56 of 1st period - Slapshot by Tom Pyatt.
3:56 of 1st period - Stopped by Jamie Storr without a rebound.
3:57 of 1st period - Dan Fritsche wins face-off versus Jannik Hansen in Wolves zone.
4:11 of 1st period - Off-side.
4:12 of 1st period - Samuel Pahlsson wins face-off versus Jonathan Rheault in neutral zone.
4:37 of 1st period - Milan Bartovic is hit by Doug Janik and loses puck.
5:04 of 1st period - Geoff Paukovich is hit by Robin Leblanc and loses puck.
5:29 of 1st period - Slapshot by Johan Ryno.
5:29 of 1st period - Shot Blocked by David Fischer.
5:39 of 1st period - Slapshot by Jannik Hansen.
5:39 of 1st period - Stopped by Jamie Storr without a rebound.
5:40 of 1st period - Tom Pyatt wins face-off versus Nathan Davis in Wolves zone.
6:07 of 1st period - Snap shot by Milan Bartovic.
6:07 of 1st period - Stopped by Devan Dubnyk with a rebound.
6:49 of 1st period - Wrist shot by Tim Crowder.
6:49 of 1st period - Shot Blocked by Derek Peltier.
6:51 of 1st period - Snap shot by Jonas Junland.
6:51 of 1st period - Stopped by Devan Dubnyk with a rebound.
7:01 of 1st period - Snap shot by Tim Crowder.
7:01 of 1st period - Shot Misses the Net.
7:03 of 1st period - Slapshot by Marc-André Gragnani.
7:03 of 1st period - Deflect By Geoff Paukovich.
7:03 of 1st period - Stopped by Devan Dubnyk with a rebound.
7:05 of 1st period - Wrist shot by Dan Fritsche.
7:05 of 1st period - Goal by Dan Fritsche - Wolves : 1 - Thunder : 0.
7:06 of 1st period - Milan Bartovic wins face-off versus Tom Pyatt in neutral zone.
7:10 of 1st period - Minor Penalty to Tom Pyatt for Hooking.
7:11 of 1st period - Samuel Pahlsson wins face-off versus Mike Zigomanis in Thunder zone.
7:27 of 1st period - Snap shot by Mike Zigomanis.
7:27 of 1st period - Shot Misses the Net.
8:30 of 1st period - Icing by Matt Gilroy.
8:31 of 1st period - Samuel Pahlsson wins face-off versus Geoff Paukovich in Wolves zone.
9:10 of 1st period - Penalty to Tom Pyatt is over, Tom Pyatt is back on ice.
9:22 of 1st period - Wrist shot by Robin Leblanc.
9:22 of 1st period - Stopped by Jamie Storr without a rebound.
9:23 of 1st period - Tom Pyatt wins face-off versus Nathan Davis in Wolves zone.
9:24 of 1st period - Snap shot by Dany Roussin.
9:24 of 1st period - Shot Misses the Net.
9:34 of 1st period - Slapshot by Nathan Davis.
9:34 of 1st period - Shot Misses the Net.
9:48 of 1st period - Snap shot by Carl Klingberg.
9:48 of 1st period - Shot Misses the Net.
9:50 of 1st period - Wrist shot by Carl Klingberg.
9:50 of 1st period - Deflect By Kevin Veilleux.
9:50 of 1st period - Goal by Kevin Veilleux - Wolves : 2 - Thunder : 0.
9:51 of 1st period - Mike Zigomanis wins face-off versus Samuel Pahlsson in neutral zone.
10:22 of 1st period - Slapshot by Samuel Pahlsson.
10:22 of 1st period - Stopped by Jamie Storr with a rebound.
10:42 of 1st period - Snap shot by Pierre-Alexandre Parenteau.
10:42 of 1st period - Stopped by Jamie Storr with a rebound.
10:48 of 1st period - Slapshot by Nathan Davis.
10:48 of 1st period - Shot Misses the Net.
10:50 of 1st period - Snap shot by Marc Methot.
10:50 of 1st period - Stopped by Devan Dubnyk with a rebound.
11:00 of 1st period - Wrist shot by Nathan Davis.
11:00 of 1st period - Deflect By Jonathan Rheault.
11:00 of 1st period - Stopped by Devan Dubnyk without a rebound.
11:01 of 1st period - Tom Pyatt wins face-off versus Mike Zigomanis in Thunder zone.
11:03 of 1st period - Minor Penalty to Matt D'Agostini for Diving.
11:04 of 1st period - Samuel Pahlsson wins face-off versus Milan Bartovic in Thunder zone.
12:30 of 1st period - Mike Zigomanis is hit by Tom Pyatt and loses puck.
13:03 of 1st period - Penalty to Matt D'Agostini is over, Matt D'Agostini is back on ice.
13:17 of 1st period - Snap shot by Dany Roussin.
13:17 of 1st period - Stopped by Jamie Storr with a rebound.
13:23 of 1st period - Snap shot by Dany Roussin.
13:23 of 1st period - Shot Misses the Net.
13:39 of 1st period - Snap shot by Johan Ryno.
13:39 of 1st period - Shot Blocked by Robin Leblanc.
13:45 of 1st period - Snap shot by Kevin Veilleux.
13:45 of 1st period - Stopped by Devan Dubnyk with a rebound.
13:55 of 1st period - Snap shot by Samuel Pahlsson.
13:55 of 1st period - Stopped by Jamie Storr with a rebound.
13:57 of 1st period - Wrist shot by Jeff Finger.
13:57 of 1st period - Deflect By Samuel Pahlsson.
13:57 of 1st period - Shot Blocked by Marc-André Gragnani.
13:57 of 1st period - Puck is out of play.
13:58 of 1st period - Daultan Leveillé wins face-off versus Dan Fritsche in Wolves zone.
14:23 of 1st period - Marc Methot is hit by Casey Pierro-Zabotel and loses puck.
14:42 of 1st period - Marc-André Gragnani is hit by Scott Parse and loses puck.
14:57 of 1st period - Marc-André Gragnani is hit by Slava Voynov and loses puck.
15:06 of 1st period - Slapshot by Nathan Davis.
15:06 of 1st period - Stopped by Devan Dubnyk with a rebound.
15:22 of 1st period - Brandon Mashinter is hit by Geoff Paukovich and loses puck.
15:57 of 1st period - Jannik Hansen is hit by Milan Bartovic and loses puck.
16:02 of 1st period - Wrist shot by Mike Zigomanis.
16:02 of 1st period - Deflect By Joey Ryan.
16:02 of 1st period - Shot Misses the Net.
16:02 of 1st period - Puck is out of play.
16:03 of 1st period - Tom Pyatt wins face-off versus Mike Zigomanis in Thunder zone.
16:09 of 1st period - Off-side.
16:10 of 1st period - Tom Pyatt wins face-off versus Mike Zigomanis in neutral zone.
16:25 of 1st period - Wrist shot by Matt D'Agostini.
16:25 of 1st period - Shot Misses the Net.
17:24 of 1st period - Wrist shot by Jannik Hansen.
17:24 of 1st period - Shot Misses the Net.
17:36 of 1st period - Minor Penalty to Bruno Gervais for High sticking.
17:37 of 1st period - Pierre-Alexandre Parenteau wins face-off versus Mike Zigomanis in Wolves zone.
18:22 of 1st period - Samuel Pahlsson is hit by Nathan Davis and loses puck.
18:37 of 1st period - Marc-André Gragnani is hit by Tom Pyatt and loses puck.
19:36 of 1st period - Penalty to Bruno Gervais is over, Bruno Gervais is back on ice.
19:48 of 1st period - Slapshot by Robin Leblanc.
19:48 of 1st period - Shot Misses the Net.
Goals for this period are 2 for Wolves vs 0 for Thunder.
Shots for this period are 10 for Wolves vs 7 for Thunder.
2nd period
0:01 of 2nd period - Samuel Pahlsson wins face-off versus Mike Zigomanis in neutral zone.
0:04 of 2nd period - Dmitry Kulikov is hit by Jeff Finger and loses puck.
0:15 of 2nd period - Snap shot by Mike Sislo.
0:15 of 2nd period - Stopped by Devan Dubnyk with a rebound.
0:25 of 2nd period - Dan Fritsche is hit by Tom Pyatt and loses puck.
0:34 of 2nd period - Wrist shot by Tim Crowder.
0:34 of 2nd period - Stopped by Devan Dubnyk without a rebound.
0:35 of 2nd period - Mike Zigomanis wins face-off versus Samuel Pahlsson in Thunder zone.
1:05 of 2nd period - Dmitry Kulikov is hit by Derek Peltier and loses puck.
1:22 of 2nd period - Bruno Gervais is hit by Dany Roussin and loses puck.
1:41 of 2nd period - Dmitry Kulikov is hit by Jeff Finger and loses puck.
1:54 of 2nd period - Slapshot by Mike Zigomanis.
1:54 of 2nd period - Shot Misses the Net.
1:56 of 2nd period - Snap shot by Milan Bartovic.
1:56 of 2nd period - Goal by Milan Bartovic - Wolves : 3 - Thunder : 0.
1:57 of 2nd period - Dan Fritsche wins face-off versus Samuel Pahlsson in neutral zone.
2:30 of 2nd period - Wrist shot by Tom Pyatt.
2:30 of 2nd period - Shot Misses the Net.
2:32 of 2nd period - Slapshot by Matt D'Agostini.
2:32 of 2nd period - Shot Hit the Post.
2:34 of 2nd period - Snap shot by Tom Pyatt.
2:34 of 2nd period - Stopped by Jamie Storr with a rebound.
2:48 of 2nd period - Snap shot by Nathan Davis.
2:48 of 2nd period - Stopped by Devan Dubnyk with a rebound.
2:54 of 2nd period - Snap shot by Robin Leblanc.
2:54 of 2nd period - Shot Misses the Net.
3:08 of 2nd period - Daultan Leveillé is hit by Geoff Paukovich and loses puck.
3:23 of 2nd period - Snap shot by Samuel Pahlsson.
3:23 of 2nd period - Shot Blocked by Carl Klingberg.
3:56 of 2nd period - Snap shot by Robin Leblanc.
3:56 of 2nd period - Shot Misses the Net.
3:58 of 2nd period - Backhand shot by Doug Janik.
3:58 of 2nd period - Deflect By Robin Leblanc.
3:58 of 2nd period - Stopped by Jamie Storr without a rebound.
3:59 of 2nd period - Robin Leblanc wins face-off versus Mike Zigomanis in Wolves zone.
4:10 of 2nd period - Snap shot by Robin Leblanc.
4:10 of 2nd period - Shot Misses the Net.
4:12 of 2nd period - Wrist shot by Brandon Mashinter.
4:12 of 2nd period - Stopped by Jamie Storr with a rebound.
4:14 of 2nd period - Snap shot by Casey Pierro-Zabotel.
4:14 of 2nd period - Stopped by Jamie Storr without a rebound.
4:15 of 2nd period - Pierre-Alexandre Parenteau wins face-off versus Dan Fritsche in Wolves zone.
4:18 of 2nd period - Wrist shot by Scott Parse.
4:18 of 2nd period - Shot Blocked by Matt Gilroy.
4:40 of 2nd period - Ray Macias is hit by Mike Zigomanis and loses puck.
5:26 of 2nd period - Wrist shot by Nathan Davis.
5:26 of 2nd period - Shot Misses the Net.
5:28 of 2nd period - Snap shot by Matt Gilroy.
5:28 of 2nd period - Stopped by Devan Dubnyk with a rebound.
5:30 of 2nd period - Wrist shot by Nathan Davis.
5:30 of 2nd period - Stopped by Devan Dubnyk without a rebound.
5:31 of 2nd period - Samuel Pahlsson wins face-off versus Nathan Davis in Thunder zone.
5:38 of 2nd period - Slapshot by Scott Parse.
5:38 of 2nd period - Shot Blocked by Matt Gilroy.
5:40 of 2nd period - Slapshot by Doug Janik.
5:40 of 2nd period - Deflect By Nathan Davis.
5:40 of 2nd period - Stopped by Jamie Storr without a rebound.
5:41 of 2nd period - Mike Zigomanis wins face-off versus Samuel Pahlsson in Wolves zone.
5:52 of 2nd period - Slapshot by Pierre-Alexandre Parenteau.
5:52 of 2nd period - Stopped by Jamie Storr with a rebound.
5:54 of 2nd period - Slapshot by Scott Parse.
5:54 of 2nd period - Stopped by Jamie Storr without a rebound.
5:55 of 2nd period - Samuel Pahlsson wins face-off versus Dan Fritsche in Wolves zone.
6:59 of 2nd period - Off-side.
7:00 of 2nd period - Samuel Pahlsson wins face-off versus Kevin Veilleux in neutral zone.
7:19 of 2nd period - Pierre-Alexandre Parenteau is hit by Kevin Veilleux and loses puck.
7:30 of 2nd period - Wrist shot by Matt D'Agostini.
7:30 of 2nd period - Deflect By Dany Roussin.
7:30 of 2nd period - Goal by Dany Roussin - Wolves : 3 - Thunder : 1.
7:31 of 2nd period - Samuel Pahlsson wins face-off versus Mike Zigomanis in neutral zone.
7:46 of 2nd period - Backhand shot by Mike Zigomanis.
7:46 of 2nd period - Stopped by Devan Dubnyk with a rebound.
7:56 of 2nd period - Doug Janik is hit by Chris Terry and loses puck.
8:03 of 2nd period - Backhand shot by Pierre-Alexandre Parenteau.
8:03 of 2nd period - Shot Blocked by Dmitry Kulikov.
8:49 of 2nd period - Snap shot by Robin Leblanc.
8:49 of 2nd period - Stopped by Jamie Storr with a rebound.
8:51 of 2nd period - Snap shot by Brandon Mashinter.
8:51 of 2nd period - Goal by Brandon Mashinter - Wolves : 3 - Thunder : 2.
8:52 of 2nd period - Samuel Pahlsson wins face-off versus Mike Zigomanis in neutral zone.
9:17 of 2nd period - Milan Bartovic is hit by Casey Pierro-Zabotel and loses puck.
9:26 of 2nd period - Snap shot by Milan Bartovic.
9:26 of 2nd period - Shot Blocked by Brandon Mashinter.
9:28 of 2nd period - Snap shot by Mike Zigomanis.
9:28 of 2nd period - Stopped by Devan Dubnyk without a rebound.
9:29 of 2nd period - Samuel Pahlsson wins face-off versus Dan Fritsche in Thunder zone.
9:38 of 2nd period - Wrist shot by Samuel Pahlsson.
9:38 of 2nd period - Shot Blocked by Marc Methot.
9:40 of 2nd period - Snap shot by Pierre-Alexandre Parenteau.
9:40 of 2nd period - Shot Misses the Net.
9:42 of 2nd period - Snap shot by Samuel Pahlsson.
9:42 of 2nd period - Stopped by Jamie Storr with a rebound.
9:44 of 2nd period - Slapshot by Joey Ryan.
9:44 of 2nd period - Shot Blocked by Matt Gilroy.
10:03 of 2nd period - Slapshot by Jeff Finger.
10:03 of 2nd period - Stopped by Jamie Storr with a rebound.
10:24 of 2nd period - Wrist shot by Nathan Davis.
10:24 of 2nd period - Stopped by Devan Dubnyk with a rebound.
10:26 of 2nd period - Snap shot by Nathan Davis.
10:26 of 2nd period - Goal by Nathan Davis - Wolves : 4 - Thunder : 2.
10:27 of 2nd period - Samuel Pahlsson wins face-off versus Mike Zigomanis in neutral zone.
10:35 of 2nd period - Minor Penalty to Derek Peltier for Cross-checking.
10:36 of 2nd period - Mike Zigomanis wins face-off versus Samuel Pahlsson in Thunder zone.
10:42 of 2nd period - Backhand shot by Mike Zigomanis.
10:42 of 2nd period - Shot Misses the Net.
12:29 of 2nd period - Brandon Mashinter is hit by Marc Methot and loses puck.
12:35 of 2nd period - Penalty to Derek Peltier is over, Derek Peltier is back on ice.
12:54 of 2nd period - Doug Janik is hit by Matt Gilroy and loses puck.
13:07 of 2nd period - Backhand shot by Jannik Hansen.
13:07 of 2nd period - Shot Misses the Net.
13:31 of 2nd period - Wrist shot by Tom Pyatt.
13:31 of 2nd period - Shot Hit the Post.
13:33 of 2nd period - Slapshot by Slava Voynov.
13:33 of 2nd period - Shot Blocked by Mike Zigomanis.
13:47 of 2nd period - Icing by Milan Bartovic.
13:48 of 2nd period - Mike Zigomanis wins face-off versus Jannik Hansen in Wolves zone.
14:03 of 2nd period - Wrist shot by Ray Macias.
14:03 of 2nd period - Stopped by Jamie Storr with a rebound.
14:05 of 2nd period - Slapshot by Derek Peltier.
14:05 of 2nd period - Stopped by Jamie Storr without a rebound.
14:06 of 2nd period - Dan Fritsche wins face-off versus Casey Pierro-Zabotel in Wolves zone.
14:35 of 2nd period - Snap shot by Brandon Mashinter.
14:35 of 2nd period - Deflect By Robin Leblanc.
14:35 of 2nd period - Shot Misses the Net.
14:35 of 2nd period - Puck is out of play.
14:36 of 2nd period - Mike Zigomanis wins face-off versus Samuel Pahlsson in Wolves zone.
15:05 of 2nd period - Slapshot by Nathan Davis.
15:05 of 2nd period - Stopped by Devan Dubnyk with a rebound.
15:07 of 2nd period - Slapshot by Dmitry Kulikov.
15:07 of 2nd period - Stopped by Devan Dubnyk with a rebound.
15:09 of 2nd period - Wrist shot by Chris Terry.
15:09 of 2nd period - Stopped by Devan Dubnyk with a rebound.
15:11 of 2nd period - Snap shot by Nathan Davis.
15:11 of 2nd period - Shot Blocked by Ray Macias.
15:29 of 2nd period - Snap shot by Bruno Gervais.
15:29 of 2nd period - Deflect By Carl Klingberg.
15:29 of 2nd period - Shot Misses the Net.
15:29 of 2nd period - Puck is out of play.
15:30 of 2nd period - Mike Zigomanis wins face-off versus Samuel Pahlsson in Thunder zone.
15:34 of 2nd period - Icing by Doug Janik.
15:35 of 2nd period - Mike Zigomanis wins face-off versus Samuel Pahlsson in Thunder zone.
15:44 of 2nd period - Snap shot by Milan Bartovic.
15:44 of 2nd period - Stopped by Devan Dubnyk with a rebound.
15:46 of 2nd period - Slapshot by Mike Sislo.
15:46 of 2nd period - Stopped by Devan Dubnyk with a rebound.
15:48 of 2nd period - Snap shot by Mike Sislo.
15:48 of 2nd period - Goal by Mike Sislo - Wolves : 5 - Thunder : 2.
15:49 of 2nd period - Samuel Pahlsson wins face-off versus Mike Zigomanis in neutral zone.
16:02 of 2nd period - Wrist shot by Scott Parse.
16:02 of 2nd period - Shot Misses the Net.
16:04 of 2nd period - Slapshot by Jeff Finger.
16:04 of 2nd period - Stopped by Jamie Storr with a rebound.
16:14 of 2nd period - Dany Roussin is hit by Geoff Paukovich and loses puck.
16:39 of 2nd period - Slapshot by Ray Macias.
16:39 of 2nd period - Stopped by Jamie Storr with a rebound.
16:41 of 2nd period - Snap shot by Derek Peltier.
16:41 of 2nd period - Deflect By Nathan Davis.
16:41 of 2nd period - Goal by Derek Peltier - Wolves : 5 - Thunder : 3.
16:42 of 2nd period - Samuel Pahlsson wins face-off versus Mike Zigomanis in neutral zone.
17:12 of 2nd period - Wrist shot by Geoff Paukovich.
17:12 of 2nd period - Shot Misses the Net.
17:14 of 2nd period - Snap shot by Dan Fritsche.
17:14 of 2nd period - Shot Misses the Net.
17:16 of 2nd period - Snap shot by Geoff Paukovich.
17:16 of 2nd period - Shot Misses the Net.
18:10 of 2nd period - Slapshot by Mike Zigomanis.
18:10 of 2nd period - Shot Blocked by Matt D'Agostini.
18:12 of 2nd period - Wrist shot by Marc-André Gragnani.
18:12 of 2nd period - Deflect By Dany Roussin.
18:12 of 2nd period - Stopped by Devan Dubnyk with a rebound.
18:28 of 2nd period - Snap shot by Dan Fritsche.
18:28 of 2nd period - Stopped by Devan Dubnyk with a rebound.
18:30 of 2nd period - Snap shot by Matt Gilroy.
18:30 of 2nd period - Stopped by Devan Dubnyk with a rebound.
18:32 of 2nd period - Wrist shot by Dan Fritsche.
18:32 of 2nd period - Shot Misses the Net.
19:56 of 2nd period - Wrist shot by Robin Leblanc.
19:56 of 2nd period - Stopped by Jamie Storr with a rebound.
Goals for this period are 3 for Wolves vs 3 for Thunder.
Shots for this period are 19 for Wolves vs 18 for Thunder.
3rd period
0:01 of 3rd period - Mike Zigomanis wins face-off versus Samuel Pahlsson in neutral zone.
0:53 of 3rd period - Wrist shot by Nathan Davis.
0:53 of 3rd period - Stopped by Devan Dubnyk with a rebound.
2:01 of 3rd period - Snap shot by Dan Fritsche.
2:01 of 3rd period - Goal by Dan Fritsche - Wolves : 6 - Thunder : 3.
2:02 of 3rd period - Dany Roussin wins face-off versus Mike Zigomanis in neutral zone.
2:29 of 3rd period - Dan Fritsche is hit by Jeff Finger and loses puck.
2:58 of 3rd period - Casey Pierro-Zabotel is hit by Chris Terry and loses puck.
3:17 of 3rd period - Backhand shot by Marc-André Gragnani.
3:17 of 3rd period - Shot Misses the Net.
3:55 of 3rd period - Snap shot by Tim Crowder.
3:55 of 3rd period - Shot Blocked by Slava Voynov.
3:57 of 3rd period - Slapshot by Jonas Junland.
3:57 of 3rd period - Shot Misses the Net.
3:59 of 3rd period - Snap shot by Tim Crowder.
3:59 of 3rd period - Stopped by Devan Dubnyk with a rebound.
4:01 of 3rd period - Slapshot by Tim Crowder.
4:01 of 3rd period - Stopped by Devan Dubnyk without a rebound.
4:02 of 3rd period - Dan Fritsche wins face-off versus Tom Pyatt in Thunder zone.
4:12 of 3rd period - Icing by Matt D'Agostini.
4:13 of 3rd period - Mike Sislo wins face-off versus Tom Pyatt in Thunder zone.
4:26 of 3rd period - Slapshot by Dany Roussin.
4:26 of 3rd period - Stopped by Jamie Storr with a rebound.
4:34 of 3rd period - Snap shot by Tom Pyatt.
4:34 of 3rd period - Shot Blocked by Dmitry Kulikov.
4:52 of 3rd period - Joey Ryan is hit by Dmitry Kulikov and loses puck.
5:08 of 3rd period - Snap shot by Tom Pyatt.
5:08 of 3rd period - Stopped by Jamie Storr with a rebound.
5:18 of 3rd period - Wrist shot by Matt D'Agostini.
5:18 of 3rd period - Goal by Matt D'Agostini - Wolves : 6 - Thunder : 4.
5:19 of 3rd period - Samuel Pahlsson wins face-off versus Mike Zigomanis in neutral zone.
5:32 of 3rd period - Samuel Pahlsson is hit by Mike Sislo and loses puck.
5:45 of 3rd period - Samuel Pahlsson is hit by Matt Gilroy and loses puck.
6:40 of 3rd period - Off-side.
6:41 of 3rd period - Mike Zigomanis wins face-off versus Daultan Leveillé in neutral zone.
7:00 of 3rd period - Derek Peltier is hit by Dmitry Kulikov and loses puck.
7:09 of 3rd period - Snap shot by Mike Zigomanis.
7:09 of 3rd period - Stopped by Devan Dubnyk without a rebound.
7:10 of 3rd period - Geoff Paukovich wins face-off versus Samuel Pahlsson in Thunder zone.
7:21 of 3rd period - Tim Crowder is hit by Samuel Pahlsson and loses puck.
7:44 of 3rd period - Tom Pyatt is hit by Jonathan Rheault and loses puck.
8:44 of 3rd period - Marc-André Gragnani is hit by Brett Festerling.
8:52 of 3rd period - Backhand shot by Scott Parse.
8:52 of 3rd period - Stopped by Jamie Storr with a rebound.
9:26 of 3rd period - Slapshot by Nathan Davis.
9:26 of 3rd period - Shot Misses the Net.
9:28 of 3rd period - Wrist shot by Jonas Junland.
9:28 of 3rd period - Stopped by Devan Dubnyk without a rebound.
9:29 of 3rd period - Tom Pyatt wins face-off versus Mike Zigomanis in Thunder zone.
9:38 of 3rd period - Snap shot by Milan Bartovic.
9:38 of 3rd period - Shot Misses the Net.
9:40 of 3rd period - Slapshot by Dmitry Kulikov.
9:40 of 3rd period - Deflect By Mike Sislo.
9:40 of 3rd period - Shot Misses the Net.
9:40 of 3rd period - Puck is out of play.
9:41 of 3rd period - Samuel Pahlsson wins face-off versus Mike Zigomanis in Thunder zone.
9:52 of 3rd period - Slapshot by Samuel Pahlsson.
9:52 of 3rd period - Stopped by Jamie Storr with a rebound.
10:08 of 3rd period - Dmitry Kulikov is hit by Brandon Mashinter and loses puck.
10:19 of 3rd period - Snap shot by Robin Leblanc.
10:19 of 3rd period - Deflect By Brandon Mashinter.
10:19 of 3rd period - Shot Blocked by Bruno Gervais.
10:19 of 3rd period - Puck is out of play.
10:20 of 3rd period - Samuel Pahlsson wins face-off versus Mike Zigomanis in Wolves zone.
10:25 of 3rd period - Wrist shot by Pierre-Alexandre Parenteau.
10:25 of 3rd period - Shot Blocked by Mike Sislo.
10:56 of 3rd period - Slapshot by Doug Janik.
10:56 of 3rd period - Shot Blocked by Tim Crowder.
11:16 of 3rd period - Brandon Mashinter is hit by Chris Terry.
11:44 of 3rd period - Samuel Pahlsson is hit by Dmitry Kulikov and loses puck.
11:51 of 3rd period - Slapshot by Bruno Gervais.
11:51 of 3rd period - Shot Blocked by David Fischer.
11:53 of 3rd period - Slapshot by Dmitry Kulikov.
11:53 of 3rd period - Stopped by Devan Dubnyk without a rebound.
11:54 of 3rd period - Tom Pyatt wins face-off versus Mike Zigomanis in Thunder zone.
11:54 of 3rd period - Tom Pyatt is hit by Mike Zigomanis.
12:02 of 3rd period - Snap shot by Matt D'Agostini.
12:02 of 3rd period - Stopped by Jamie Storr with a rebound.
12:20 of 3rd period - Doug Janik is hit by Jonas Junland and loses puck.
12:43 of 3rd period - Snap shot by Nathan Davis.
12:43 of 3rd period - Shot Blocked by Scott Parse.
13:40 of 3rd period - Slapshot by Dan Fritsche.
13:40 of 3rd period - Stopped by Devan Dubnyk without a rebound.
13:41 of 3rd period - Brandon Mashinter wins face-off versus Dan Fritsche in Thunder zone.
13:46 of 3rd period - Backhand shot by Dan Fritsche.
13:46 of 3rd period - Deflect By Geoff Paukovich.
13:46 of 3rd period - Stopped by Devan Dubnyk with a rebound.
13:59 of 3rd period - Minor Penalty to Geoff Paukovich for Holding Stick.
14:00 of 3rd period - Mike Zigomanis wins face-off versus Scott Parse in Wolves zone.
15:54 of 3rd period - Jonas Junland is hit by Jeff Finger and loses puck.
15:59 of 3rd period - Penalty to Geoff Paukovich is over, Geoff Paukovich is back on ice.
18:22 of 3rd period - Icing by Marc-André Gragnani.
18:23 of 3rd period - Tom Pyatt wins face-off versus Mike Zigomanis in Wolves zone.
19:49 of 3rd period - Bruno Gervais is hit by Jannik Hansen.
Goals for this period are 1 for Wolves vs 1 for Thunder.
Shots for this period are 9 for Wolves vs 6 for Thunder.
Output by the SimonT Hockey Simulator (STHS) for François Prévost -- Original Page W3C XHTML 1.0 Valid